 Dungeon Crawl Stone Soup version 0.28.0-47-ge53b351184 (webtiles) character file.

Game seed: 14990988138932628496

269 NinjaNoafa the Skirmisher (level 6, -5/55 HPs)
             Began as a Minotaur Monk on Apr 28, 2022.
             Was an Initiate of Ashenzari.
             Slain by an ogre
             ... wielding a +0 giant club
              (15 damage)
             ... on level 4 of the Dungeon.
             The game lasted 00:05:28 (3221 turns).

NinjaNoafa the Skirmisher (Minotaur Monk)           Turns: 3221, Time: 00:05:29

Health: -5/55      AC: 14    Str: 15 (18) XL:     6   Next: 1%
Magic:  5/5        EV: 10    Int:  6 (7)  God:    Ashenzari [......]
Gold:   108        SH:  0    Dex:  9 (12) Spells: 5/5 levels left

rFire   . . .      SeeInvis .   r - +4 short sword
rCold   . . .      Faith    .   (no shield)
rNeg    . . .      Spirit   .   j - +0 scale mail
rPois   .          Reflect  .   (helmet restricted)
rElec   .          Harm     .   (no cloak)
rCorr   +          Rampage  .   s - +0 pair of gloves
Will    .....                   (no boots)
Stlth   ..........              (no amulet)
HPRegen 0.18/turn               d - ring of resist corrosion
MPRegen 0.09/turn               o - +4 ring of protection

@: mighty
A: horns 2, retaliatory headbutt, iridescent scales 1
a: Renounce Religion, Curse Item


You were on level 4 of the Dungeon.
You worshipped Ashenzari.
Ashenzari was noncommittal.
You visited 1 branch of the dungeon, and saw 4 of its levels.

You collected 136 gold pieces.
You spent 28 gold pieces at shops.

Inventory:

Hand Weapons
 a - a +0 hand axe
 r - a +4 short sword (weapon)
Missiles
 g - 13 poisoned darts (quivered)
Armour
 j - a +0 scale mail (worn)
 s - a +0 pair of gloves (worn)
Jewellery
 d - a ring of resist corrosion (left hand)
 o - a +4 ring of protection (right hand)
Scrolls
 b - a scroll of noise
 c - a scroll of teleportation
 h - 2 scrolls of fear {unknown}
 i - a scroll of enchant weapon {unknown}
Potions
 f - a potion of curing
 k - 2 potions of attraction
 l - a potion of degeneration
 q - a potion of might


   Skills:
 + Level 4.9 Fighting
 * Level 3.3 Short Blades
 - Level 4.2 Axes
 + Level 4.2 Armour
 - Level 3.2 Dodging
 - Level 1.5 Stealth


You had 5 spell levels left.
You didn't know any spells.
Your spell library contained the following spells:

 Spells                   Type           Power      Damage    Failure   Level
 Apportation              Tloc           0%         N/A       88%         1
 Alistair's Intoxication  Tmut/Pois      0%         N/A       100%        5


Dungeon Overview and Level Annotations

Branches:
Dungeon (4/15)
 Temple: D:4-7

Altars:
Ashenzari
Yredelemnul

Shops:
D:3 *

Annotations:
D:4 1 transporter


Innate Abilities, Weirdness & Mutations

You have a pair of horns on your head.
You reflexively headbutt those who attack you in melee.
You are partially covered in iridescent scales. (AC +2)


Message History

The kobold hits you but does no damage. The gnoll closely misses you.
The ogre misses you.
You hit the ogre but do no damage. You headbutt the ogre.
The ogre is moderately wounded.
The kobold hits you but does no damage.
The gnoll hits you from afar with a +0 spear.
The ogre barely misses you.
You hit the ogre.
The ogre is moderately wounded.
The kobold barely misses you.
The gnoll hits you from afar with a +0 spear!
You hit the kobold.
You kill the kobold!
The ogre hits you with a +0 giant club! The gnoll barely misses you.
You puncture the ogre! You headbutt the ogre.
The ogre is severely wounded.
The gnoll hits you but does no damage. The ogre misses you.
You barely miss the ogre.
The ogre is severely wounded.
The gnoll barely misses you.
You barely miss the ogre. You headbutt the ogre.
The ogre is severely wounded.
The ogre hits you with a +0 giant club!!
* * * LOW HITPOINT WARNING * * *
The gnoll hits you but does no damage.
You feel better. The ogre hits you with a +0 giant club.
* * * LOW HITPOINT WARNING * * *
The gnoll hits you but does no damage.
It was a potion of mutation.
You feel extremely strange.
Iridescent scales grow over part of your body.
The gnoll closely misses you. The ogre hits you with a +0 giant club.
* * * LOW HITPOINT WARNING * * *
It was a potion of degeneration.
There was something very wrong with that liquid.
You feel weakened.
You feel dopey.
You feel clumsy. The gnoll hits you but does no damage.
It was a potion of might.
You feel very mighty all of a sudden. The ogre hits you with a +0 giant club!
You die...

....... ....... .≈≈.≈≈≈
..≈≈≈≈≈ ..≈≈≈≈≈ .≈≈≈≈≈≈
########################
.#......(#..............
.#.......'....gO@.......
.#########..............
..#..........########...
..'..........# .
..#..........#
.#########...... .#
+....... .# #........ ##
#########


You could see an ogre and a gnoll.

Vanquished Creatures
  An ogre (D:3)
  A kobold brigand (D:4)
  A gnoll (D:4)
  3 adders
  A dart slug (D:4)
  6 ball pythons
  3 endoplasms
  4 giant cockroaches
  9 goblins
  6 hobgoblins
  3 jackals (D:3)
  13 kobolds
  8 quokkas
  4 bats
  3 frilled lizards
  9 rats
75 creatures vanquished.

Notes
Turn   | Place    | Note
-------+----------+-------------------------------------------
     0 | D:1      | NinjaNoafa the Minotaur Monk began the quest for the Orb.
     0 | D:1      | Reached XP level 1. HP: 19/19 MP: 0/0
   114 | D:1      | Reached skill level 1 in Armour
   132 | D:1      | Reached XP level 2. HP: 27/27 MP: 1/1
   366 | D:1      | Found a faded altar of an unknown god.
   850 | D:1      | Reached XP level 3. HP: 33/33 MP: 2/2
  1939 | D:3      | Noticed an ogre
  1998 | D:3      | Killed an ogre
  1999 | D:3      | Reached XP level 4. HP: 16/41 MP: 3/3
  1999 | D:3      | Reached XP level 5. HP: 19/47 MP: 4/4
  2178 | D:3      | Found Ynui's General Store.
  2186 | D:3      | Bought a scroll of identify for 28 gold pieces
  2307 | D:3      | Found a broken altar of Ashenzari.
  2307 | D:3      | Found a basalt altar of Yredelemnul.
  2329 | D:3      | Became a worshipper of Ashenzari the Shackled
  3035 | D:4      | Found a transporter.
  3196 | D:4      | Reached XP level 6. HP: 55/55 MP: 5/5
  3211 | D:4      | HP: 2/55 [ogre/+0 giant club (21)]
  3214 | D:4      | Gained mutation: You are partially covered in iridescent
                  | scales. (AC +2) [potion of mutation]
  3221 | D:4      | Slain by an ogre

Illustrated notes

Levels and vault maps discovered:
D:1:      elethiomel_arrival_diamonds, layout_basic,
          shapermc_ecumenical_altar_gd, kennysheep_boxes
D:2:      layout_loops_ring, minmay_shallow_snake_nest
D:3:      layout_loops_corners, gammafunk_temple_overflow_elements,
          serial_shops, shop, serial_bayou_pond_d, chequers_jeans
D:4:      minmay_goblin_kobold_castle, layout_basic, old_standard_altar,
          gammafunk_ghost_mausoleum

Skill      XL: |  1  2  3  4  5 |
---------------+----------------+-----
Armour         | 1 2 3 4 |  4.2
Fighting       | 4 |  4.9
Axes           | 4 |  4.2
Short Blades   | 3 |  3.3
Dodging        | |  3.2
Stealth        | |  1.5

Action                   |  1- 3 |  4- 6 || total
-------------------------+-------+-------++-------
Melee: Hand axe          |    95 |       ||    95
       Headbutt          |     8 |    15 ||    23
       Punch             |     1 |       ||     1
       Short sword       |     3 |    70 ||    73
Throw: Dart              |     2 |       ||     2
  Use: Potion            |     5 |     4 ||     9
       Scroll            |       |     3 ||     3
 Stab: Sleeping          |     1 |       ||     1
Armor: Robe              |     6 |       ||     6
       Ring mail         |     2 |       ||     2
       Scale mail        |    27 |    50 ||    77
Dodge: Dodged            |    62 |    54 ||   116
